 Dungeon Crawl Stone Soup version 0.28.0-62-gf88900778d (webtiles) character file.

Game seed: 3944385303843871729

4867 cbfl8 the Cleaver (level 10, 0/86 HPs)
             Began as a Minotaur Fighter on Aug 25, 2023.
             Slain by a quasit (2 damage)
             ... summoned by a kobold demonologist
             ... on level 9 of the Dungeon.
             The game lasted 00:09:36 (10806 turns).

cbfl8 the Cleaver (Minotaur Fighter)               Turns: 10806, Time: 00:09:37

Health: 0/86       AC:  0    Str: 20    XL:     10   Next: 26%
Magic:  9/9        EV: 11    Int:  5    God:
Gold:   550        SH:  6    Dex: 15    Spells: 9/9 levels left

rFire   + . .      SeeInvis .   a - +0 war axe
rCold   . . .      Faith    .   c - +0 buckler
rNeg    . . .      Spirit   .   h - +0 chain mail
rPois   .          Reflect  .   (helmet restricted)
rElec   +          Harm     .   e - scarf {repulsion}
rCorr   .          Rampage  .   i - +0 pair of gloves
Will    .....                   o - +0 pair of boots
Stlth   ..........              w - amulet of regeneration
HPRegen 1.04/turn               l - +4 ring of evasion
MPRegen 0.11/turn               t - ring of protection from fire

@: corroded, repel missiles
A: horns 2, retaliatory headbutt, iridescent scales 1, electricity resistance
a: no special abilities


You were on level 9 of the Dungeon.
You visited 2 branches of the dungeon, and saw 10 of its levels.
You also visited: Sewer.

You collected 550 gold pieces.

Inventory:

Hand Weapons
 a - a +0 war axe (weapon)
Armour
 c - a +0 buckler (worn)
 e - a scarf of repulsion (worn)
 h - a +0 chain mail (worn)
 i - a +0 pair of gloves (worn)
 o - a +0 pair of boots (worn)
Jewellery
 l - a +4 ring of evasion (left hand)
 t - a ring of protection from fire (right hand)
 w - an amulet of regeneration (around neck)
Wands
 v - a wand of mindburst (1) (quivered)
 x - a wand of charming (10)
Scrolls
 b - a scroll of immolation
 d - a scroll of fog {unknown}
 g - a scroll of amnesia {unknown}
 k - a scroll of blinking {unknown}
 m - a scroll of summoning {unknown}
 n - 2 scrolls of fear
 p - 7 scrolls of identify {unknown}
 r - a scroll of enchant armour {unknown}
 u - a scroll of torment {unknown}
 y - a scroll of vulnerability {unknown}
 B - a scroll of magic mapping {unknown}
 D - a scroll of silence {unknown}
Potions
 f - 3 potions of heal wounds
 j - 2 potions of invisibility
 q - 2 potions of lignification {unknown}
 s - a potion of ambrosia
 z - 2 potions of mutation
 A - 2 potions of flight {unknown}
 C - a potion of attraction {unknown}
 E - a potion of curing
 F - a potion of magic {unknown}


   Skills:
 + Level 7.6 Fighting
 + Level 10.8 Axes
 + Level 9.6 Armour
 + Level 6.6 Shields
 * Level 6.0 Evocations


You had 9 spell levels left.
You didn't know any spells.
Your spell library contained the following spells:

 Spells                   Type           Power      Damage    Failure   Level
 Beastly Appendage        Tmut           0%         N/A       99%         1
 Corpse Rot               Necr/Air       0%         N/A       100%        2
 Sublimation of Blood     Necr           0%         N/A       100%        2
 Wereblood                Tmut           0%         N/A       100%        2
 Spider Form              Tmut/Pois      0%         N/A       100%        3
 Summon Lightning Spire   Summ/Air       0%         N/A       100%        4
 Silence                  Hex/Air        0%         N/A       100%        5
 Storm Form               Tmut/Air       0%         N/A       100%        7
 Summon Hydra             Summ           0%         N/A       100%        7
 Maxwell's Capacitive Co  Air            0%         ∞         100%        8
 Chain Lightning          Conj/Air       0%         N/A       100%        9


Dungeon Overview and Level Annotations

Branches:
Dungeon (9/15)             Temple (1/1) D:7           Sewer (visited)
   Lair: D:8-11         Orc: D:9-12

Altars:
Ashenzari
Cheibriados
Dithmenos
Fedhas
Gozag
Kikubaaqudgha
Makhleb
Nemelex Xobeh
Okawaru
Qazlal
Ru
Sif Muna
Uskayaw
Vehumet
Wu Jian
Yredelemnul
Zin
The Shining One


Innate Abilities, Weirdness & Mutations

You have a pair of horns on your head.
You reflexively headbutt those who attack you in melee.
You are partially covered in iridescent scales. (AC +2)
You are resistant to electric shocks. (rElec)


Message History

You hit the rust devil. The quasit bites you.
The quasit claws you but does no damage.
The quasit barely misses you.
You block the kobold demonologist's attack.
The quasit barely misses you. x2; The quasit closely misses you.
The rust devil hits you. The rust devil corrodes you! The ice devil hits you!
The ice devil freezes you!!
You hit the kobold demonologist but do no damage.
The kobold demonologist is severely wounded.
You hit the rust devil but do no damage.
You barely miss the ice devil. You barely miss the quasit.
The kobold demonologist hits you with a +0 dagger.
The quasit bites you.
* * * LOW HITPOINT WARNING * * *
The quasit barely misses you.
The quasit claws you but does no damage.
The rust devil hits you.
* * * LOW HITPOINT WARNING * * *
The rust devil corrodes you! The ice devil barely misses you.
You closely miss the kobold demonologist.
Your headbutt misses the kobold demonologist.
The kobold demonologist is severely wounded.
You hit the rust devil but do no damage.
You hit the ice devil but do no damage. You hit the quasit.
The rust devil disappears in a puff of smoke!
The kobold demonologist gestures wildly while chanting.
The quasit bites you.
* * * LOW HITPOINT WARNING * * *
You block the quasit's attack. The quasit closely misses you.
The ufetubus barely misses you. The ufetubus hits you.
* * * LOW HITPOINT WARNING * * *
The ice devil hits you.
* * * LOW HITPOINT WARNING * * *
The ice devil freezes you!
* * * LOW HITPOINT WARNING * * *
The kobold demonologist hits you with a +0 dagger.
* * * LOW HITPOINT WARNING * * *
The quasit closely misses you. You block the quasit's attack.
The quasit claws you.
You die...

.## ..##...##
..######...#.#.#.##
......... ........##
.......... #.#.....#
..######.####....>.##
#.#. .^.. .........#
#.#. #..# #..K.4.# #.#.#
#..# #.5545.# #.#.###..#
###@##.#.# #.#......#
##...#...#
#....###.#####.....#
............##.....#..
.#...###.......(......(
.##.>######.###........
.#.#...................#
...............###......
...†..#####.##.# ....##


You could see a hellwing (summoned), an ice devil (summoned), a kobold
demonologist, a quasit (summoned), a shadow imp (summoned) and an ufetubus
(summoned).

Vanquished Creatures
  A two-headed ogre (D:8)
  Maggie (D:7)
  4 yaks (D:9)
  An acid dragon (D:8)
  3 black bears
  An ice beast (D:6)
  A sky beast (D:7)
  2 ogres
  2 centaurs
  A phantom (D:7)
  5 bullfrogs
  6 kobold brigands (Sewer)
  A scorpion (D:5)
  12 killer bees
  10 wights
  2 centaur zombies
  3 hounds
  2 bullfrog zombies (D:5)
  4 orc priests
  A centaur skeleton (D:7)
  3 iguanas
  An orc wizard (D:7)
  16 adders
  2 river rats (Sewer)
  A shadow imp (D:5)
  A white imp (D:7)
  An ufetubus (D:4)
  2 adder skeletons
  6 worms
  A dart slug (D:2)
  11 orcs
  4 bats
  7 endoplasms
  6 giant cockroaches
  7 goblins
  5 hobgoblins
  4 quokkas
  10 ball pythons
  4 frilled lizards
  A jackal skeleton (D:4)
  12 kobolds
  7 rats
175 creatures vanquished.

Vanquished Creatures (others)
  A plant (D:1)
1 creature vanquished.

Grand Total: 176 creatures vanquished

Notes
Turn   | Place    | Note
-------+----------+-------------------------------------------
     0 | D:1      | cbfl8 the Minotaur Fighter began the quest for the Orb.
     0 | D:1      | Reached XP level 1. HP: 19/19 MP: 0/0
   329 | D:1      | Reached XP level 2. HP: 21/27 MP: 1/1
   507 | D:1      | Found a faded altar of an unknown god.
  1438 | D:2      | Reached skill level 3 in Axes
  1438 | D:2      | Reached XP level 3. HP: 28/33 MP: 2/2
  2167 | D:2      | Reached skill level 1 in Evocations
  2434 | D:2      | Reached XP level 4. HP: 40/40 MP: 3/3
  3576 | D:4      | Got the Volume of Bewitching Flight
  3633 | D:4      | Found a glowing drain.
  3635 | D:4      | Reached XP level 5. HP: 47/47 MP: 4/4
  3652 | Sewer    | Entered a sewer
  3698 | Sewer    | Reached skill level 4 in Axes
  3761 | Sewer    | Gained mutation: You are weak. (Str -2) [potion of
                  | mutation]
  3761 | Sewer    | Gained mutation: Your magical capacity is low. (-10% MP)
                  | [potion of mutation]
  3761 | Sewer    | Gained mutation: You are partially covered in iridescent
                  | scales. (AC +2) [potion of mutation]
  4034 | Sewer    | Lost mutation: Your magical capacity is low. (-10% MP)
                  | [potion of mutation]
  4034 | Sewer    | Lost mutation: You are weak. (Str -2) [potion of mutation]
  4034 | Sewer    | Gained mutation: You are resistant to electric shocks.
                  | (rElec) [potion of mutation]
  4034 | Sewer    | Gained mutation: You are dopey. (Int -2) [potion of
                  | mutation]
  4034 | Sewer    | Lost mutation: You are dopey. (Int -2) [potion of mutation]
  4199 | Sewer    | Reached XP level 6. HP: 53/53 MP: 5/5
  4215 | Sewer    | Reached skill level 5 in Axes
  4215 | Sewer    | Reached skill level 5 in Armour
  4594 | Sewer    | Reached skill level 5 in Fighting
  4594 | Sewer    | Reached XP level 7. HP: 49/61 MP: 6/6
  4699 | Sewer    | Reached skill level 6 in Axes
  4857 | D:4      | Found a sacrificial altar of Ru.
  5380 | D:5      | Entered Level 5 of the Dungeon
  5380 | D:5      | Found a glowing silver altar of Zin.
  6440 | D:5      | Reached skill level 7 in Axes
  6447 | D:5      | Reached XP level 8. HP: 61/69 MP: 7/7
  6490 | D:5      | Reached skill level 5 in Shields
  7347 | D:6      | Found a glowing golden altar of the Shining One.
  7347 | D:6      | Found a radiant altar of Vehumet.
  7387 | D:6      | Found a shimmering blue altar of Sif Muna.
  7584 | D:6      | Reached skill level 8 in Axes
  8159 | D:7      | Identified the +2 chain mail of Blue Awe {Harm Str+4
                  | Slay-2}
  8189 | D:7      | Reached XP level 9. HP: 73/75 MP: 8/8
  8252 | D:7      | Reached skill level 9 in Axes
  8906 | D:7      | Found a staircase to the Ecumenical Temple.
  8928 | Temple   | Entered the Ecumenical Temple
  9014 | D:7      | Noticed Maggie
  9027 | D:7      | Killed Maggie
  9028 | D:7      | Reached skill level 5 in Evocations
  9975 | D:8      | Reached skill level 10 in Axes
 10093 | D:8      | Noticed a two-headed ogre
 10102 | D:8      | Killed a two-headed ogre
 10103 | D:8      | Reached XP level 10. HP: 52/86 MP: 9/9
 10575 | D:8      | Found a broken altar of Ashenzari.
 10793 | D:9      | Noticed a rust devil
 10805 | D:9      | HP: 3/86 [ice devil[a kobold demonologist] (16)]
 10805 | D:9      | HP: 1/86 [kobold demonologist/+0 dagger (2)]
 10806 | D:9      | Slain by a quasit

Illustrated notes

Levels and vault maps discovered:
D:1:      wander_arrival_fairy_ring, layout_basic, basic_ecumenical_altar
D:2:      layout_loops_ring
D:3:      layout_loops_ring
D:4:      layout_gridville, nicolae_ru_path_of_blood,
          cheibrodos_sewer_entry_drain
D:5:      layout_rooms, mainiacjoe_overflow_concentric_impassable
D:6:      layout_basic, mainiacjoe_overflow_six_doors_small,
          jmf_multi_god_temple, chequers_serial_rivers_room_a,
          minmay_strange_pillars, chequers_serial_rivers_room_b,
          lemuel_flamethrower_1
D:7:      layout_loops_ring, minmay_temple_entry_ruins, grunt_ministairs_2,
          uniq_maggie
D:8:      layout_basic, ashenzari_conservatory_becter
D:9:      layout_loops_ring, lair_entry_dummy, minmay_shop_damaged
Temple:   minmay_temple_bridge_abc

Skill      XL: |  1  2  3  4  5  6  7  8  9 10 |
---------------+-------------------------------+-----
Axes           | 3 4 5 7 8 10 | 10.8
Armour         | 4 5 6 7 9 |  9.6
Fighting       | 4 5 6 7 |  7.6
Evocations     | 1 2 3 4 5 6 |  6.0
Shields        | 4 5 6 |  6.6

Action                   |  1- 3 |  4- 6 |  7- 9 | 10-12 || total
-------------------------+-------+-------+-------+-------++-------
Melee: War axe           |    71 |   184 |   327 |    44 ||   626
       Headbutt          |     7 |    17 |    66 |    11 ||   101
Evoke: Wand              |       |       |     5 |       ||     5
  Use: Scroll            |       |     2 |     1 |       ||     3
       Potion            |       |     6 |     4 |       ||    10
Armor: Scale mail        |    12 |       |       |       ||    12
       Chain mail        |    24 |    70 |   205 |    31 ||   330
Dodge: Dodged            |    33 |    86 |   234 |    39 ||   392
       Repelled          |       |     1 |       |       ||     1
Block: Buckler           |    15 |    39 |   111 |    20 ||   185
